 Dungeon Crawl Stone Soup version 0.28.0-47-ge53b351184 (webtiles) character file.

Game seed: 7881699811570949263

760 Kangaroobicon the Chopper (level 7, -4/58 HPs)
             Began as a Palentonga Fighter on May 10, 2022.
             Was a Follower of the Shining One.
             Slain by Duvessa
             ... wielding a +0 short sword
              (5 damage)
             ... on level 4 of the Dungeon.
             The game lasted 00:23:25 (2867 turns).

Kangaroobicon the Chopper (Palentonga Fighter)      Turns: 2867, Time: 00:23:26

Health: -4/58      AC: 15    Str: 19    XL:     7   Next: 51%
Magic:  7/7        EV:  7    Int:  9    God:    the Shining One [*.....]
Gold:   150        SH:  9    Dex: 11    Spells: 6/6 levels left

rFire   . . .      SeeInvis +   a - +0 war axe
rCold   . . .      Faith    .   c - +0 buckler
rNeg    + . .      Spirit   .   b - +0 scale mail
rPois   .          Reflect  +   (no helmet)
rElec   .          Harm     .   (no cloak)
rCorr   .          Rampage  .   u - +0 pair of gloves
Will    +....                   (no barding)
Stlth   ..........              g - amulet of reflection
HPRegen 0.19/turn               n - ring of willpower
MPRegen 0.10/turn               o - ring of positive energy

@: glowing, curled up
A: large, rugged brown scales 3, see invisible, deformed body, roll 1, armoured
tail, reflexive curl
a: Rolling Charge, Renounce Religion, Divine Shield


You were on level 4 of the Dungeon.
You worshipped the Shining One.
The Shining One was aware of your devotion.
You visited 1 branch of the dungeon, and saw 4 of its levels.

You collected 150 gold pieces.

Inventory:

Hand Weapons
 a - a +0 war axe (weapon)
Armour
 b - a +0 scale mail (worn)
 c - a +0 buckler (worn)
 u - a +0 pair of gloves (worn)
Magical Staves
 i - a staff of cold
Jewellery
 g - an amulet of reflection (around neck)
 n - a ring of willpower (left hand)
 o - a ring of positive energy (right hand)
 q - an amulet of regeneration
Wands
 v - a wand of acid (6)
Scrolls
 f - 2 scrolls of identify {unknown}
 h - 4 scrolls of teleportation
 j - a scroll of blinking
 k - 2 scrolls of fog
 r - 2 scrolls of torment {unknown}
 s - a scroll of magic mapping {unknown}
 t - a scroll of amnesia {unknown}
Potions
 d - a potion of might
 e - 4 potions of heal wounds {unknown}
 l - a potion of lignification {unknown}
 m - a potion of curing {unknown}
 p - a potion of flight {unknown}


   Skills:
 + Level 4.3 Fighting
 + Level 6.3 Axes
 + Level 3.9 Armour
 + Level 1.0 Dodging
 + Level 3.2 Shields


You had 6 spell levels left.
You didn't know any spells.
Your spell library contained the following spells:

 Spells                   Type           Power      Damage    Failure   Level
 Sting                    Tmut/Pois      0%         1d3       82%         1
 Poisonous Vapours        Pois/Air       0%         N/A       91%         2
 Olgreb's Toxic Radiance  Pois           0%         N/A       100%        4


Dungeon Overview and Level Annotations

Branches:
Dungeon (4/15)
 Temple: D:4-7

Altars:
Kikubaaqudgha
Makhleb
Sif Muna
Uskayaw
Yredelemnul
The Shining One

Annotations:
D:4 3 runed translucent doors, Duvessa; Silk's ghost, amateur MfIE


Innate Abilities, Weirdness & Mutations

You are completely covered in rugged brown scales. (AC +3, +7% HP)
You have supernaturally acute eyesight. (SInv)
Armour fits poorly on your strangely shaped body.
You can roll at nearby foes to attack.
You have a long armoured tail.
You curl defensively after being hit. (AC +7*)


Message History

You hit Duvessa but do no damage.
Duvessa is lightly wounded.
Duvessa hits you but does no damage. Duvessa hits you with a +0 short sword!
You hit Duvessa.
You tail-slap Duvessa, but do no damage.
Duvessa is lightly wounded.
You block Duvessa's attack. Duvessa closely misses you.
You hit Duvessa.
Duvessa is lightly wounded.
Duvessa hits you with a +0 short sword. You block Duvessa's attack.
You slash Duvessa! You tail-slap Duvessa!
Duvessa is heavily wounded.
Duvessa hits you with a +0 short sword.
* * * LOW HITPOINT WARNING * * *
You block Duvessa's attack.
You hit Duvessa but do no damage.
Duvessa is heavily wounded.
You block Duvessa's attack. Duvessa hits you but does no damage.
You hit Duvessa but do no damage.
Duvessa is heavily wounded.
You block Duvessa's attack. x2
You barely miss Duvessa.
Duvessa is heavily wounded.
Duvessa hits you with a +0 short sword.
* * * LOW HITPOINT WARNING * * *
You hit Duvessa.
Duvessa is heavily wounded.
Duvessa hits you but does no damage. You block Duvessa's attack.
You hit Duvessa.
Duvessa is severely wounded.
Duvessa barely misses you. Duvessa hits you with a +0 short sword.
* * * LOW HITPOINT WARNING * * *
You hit Duvessa but do no damage.
Duvessa is severely wounded.
Duvessa hits you but does no damage. Duvessa hits you with a +0 short sword.
* * * LOW HITPOINT WARNING * * *
You barely miss Duvessa.
Duvessa is severely wounded.
Duvessa hits you with a +0 short sword.
You die...

............#.##.#
#...###..
.#...........###.## ##.#
##.. .##...........#...#
.... #.
.###..............#.....
..
..##..........#.#.......
..#............##...(...
..............####......
.##..........###........
###.............@)......
#...........#..e......
##..##.....###.#.....#
##.......## ###.#....
#.......## # .##
##....### # ###..# ####


You could see Duvessa (berserk).

Vanquished Creatures
  Sigmund (D:2)
  A necrophage (D:4)
  A black bear (D:4)
  Dowan (D:4)
  4 hounds (D:4)
  An orc priest (D:3)
  A centaur skeleton (D:3)
  A scorpion zombie (D:3)
  An iguana (D:4)
  An orc wizard (D:4)
  2 adders
  An adder skeleton (D:4)
  2 worms
  4 dart slugs
  8 orcs
  2 bat zombies (D:3)
  6 endoplasms
  5 giant cockroaches
  5 hobgoblins
  8 jackals (D:4)
  9 quokkas
  9 ball pythons
  4 bats
  2 frilled lizards
  6 goblins
  8 kobolds
  7 rats
  A rat zombie (D:3)
102 creatures vanquished.

Vanquished Creatures (others)
  A bat (D:3)
1 creature vanquished.

Grand Total: 103 creatures vanquished

Notes
Turn   | Place    | Note
-------+----------+-------------------------------------------
     0 | D:1      | Kangaroobicon the Palentonga Fighter began the quest for
                  | the Orb.
     0 | D:1      | Reached XP level 1. HP: 19/19 MP: 1/1
    44 | D:1      | Found a faded altar of an unknown god.
   301 | D:1      | Reached XP level 2. HP: 25/25 MP: 2/2
   701 | D:2      | Noticed Sigmund
   708 | D:2      | Killed Sigmund
   709 | D:2      | Reached skill level 3 in Axes
   709 | D:2      | Reached XP level 3. HP: 18/31 MP: 3/3
   709 | D:2      | Reached XP level 4. HP: 22/37 MP: 4/4
   709 | D:2      | Reached XP level 5. HP: 26/43 MP: 5/5
   727 | D:2      | You fall into a shaft and drop 1 floor!
  1480 | D:3      | Found a glowing golden altar of the Shining One.
  1482 | D:3      | Noticed an angel
  1488 | D:3      | Reached skill level 4 in Axes
  1512 | D:3      | Became a worshipper of the Shining One
  1521 | D:3      | Found a basalt altar of Yredelemnul.
  1523 | D:3      | Noticed a profane servitor
  1871 | D:3      | Reached XP level 6. HP: 45/51 MP: 6/6
  1878 | D:3      | Found a shimmering blue altar of Sif Muna.
  2051 | D:3      | Found an ancient bone altar of Kikubaaqudgha.
  2298 | D:4      | Reached * piety under the Shining One
  2298 | D:4      | Noticed Silk's ghost (amateur MfIE)
  2299 | D:4      | Noticed an ice beast
  2336 | D:4      | Found a runed translucent gate.
  2336 | D:4      | Found a runed translucent gate.
  2336 | D:4      | Found a runed translucent gate.
  2407 | D:4      | Found a burning altar of Makhleb.
  2573 | D:4      | Reached skill level 5 in Axes
  2615 | D:4      | Gained mutation: You curl defensively after being hit. (AC
                  | +7*) [Palentonga growth]
  2615 | D:4      | Reached XP level 7. HP: 56/57 MP: 7/7
  2716 | D:4      | Reached skill level 1 in Dodging
  2739 | D:4      | Reached skill level 6 in Axes
  2787 | D:4      | Found a hide-covered altar of Uskayaw.
  2848 | D:4      | Noticed Dowan
  2850 | D:4      | Noticed Duvessa
  2854 | D:4      | Killed Dowan
  2866 | D:4      | HP: 1/58 [Duvessa/+0 short sword (6)]
  2867 | D:4      | Slain by Duvessa

Illustrated notes

Levels and vault maps discovered:
D:1:      psy_arrival_radial02, layout_loops_ring, ebering_ecumenical_altar_hall
D:2:      layout_loops_ring, minmay_misc_feat_square, minmay_misc_feat_enclosed,
          kennysheep_cross_bottleneck, uniq_sigmund
D:3:      layout_rooms, grunt_temple_overflow_holy_war,
          lemuel_zombie_altar_kikubaaqudgha, lemuel_coloured_pillars_altar
D:4:      minmay_bubble_buster, layout_cave_pools, makhleb_heckhound_becter,
          lemuel_tele_altar, gammafunk_ghost_icy, minmay_misc_feat_four_crosses,
          minmay_between, uniq_duvessa

Skill      XL: |  1  2  3  4  5  6  7 |
---------------+----------------------+-----
Axes           | 3 4 5 6 |  6.3
Armour         | 3 |  3.9
Shields        | 3 |  3.2
Fighting       | 4 |  4.3
Dodging        | 1 |  1.0

Action                   |  1- 3 |  4- 6 |  7- 9 || total
-------------------------+-------+-------+-------++-------
Melee: War axe           |    53 |   129 |    51 ||   233
       Tailslap          |     9 |    17 |     9 ||    35
 Abil: Rolling Charge    |     1 |     6 |       ||     7
  Use: Potion            |     1 |       |       ||     1
       Scroll            |       |     4 |       ||     4
Armor: Scale mail        |    27 |    58 |    19 ||   104
Dodge: Dodged            |    14 |    43 |    14 ||    71
Block: Buckler           |     7 |    37 |    23 ||    67
       Reflection        |       |       |     1 ||     1
